 Dungeon Crawl Stone Soup version 0.30-a0-1114-gd936c97349 (webtiles) character file.

Game seed: 8143626882195000260

28 sampeng1 the Chopper (level 3, 12/43 HPs)
             Began as a Human Berserker on Apr 20, 2023.
             Was a Follower of Trog.
             Quit the game on level 2 of the Dungeon.
             The game lasted 00:04:51 (293 turns).

sampeng1 the Chopper (Human Berserker)               Turns: 293, Time: 00:04:51

Health: 12/43      AC: 21    Str: 19    XL:     3   Next: 30%
Magic:  3/3        EV:  2    Int:  7    God:    Trog [*.....]
Gold:   35         SH:  0    Dex: 12    Spells: 2/2 levels left

rFire   . . .      SeeInvis .    c - +0 flail
rCold   . . .      Faith    .    (no shield)
rNeg    . . .      Spirit   .    e - melded +1 leather armour {rF+}
rPois   +          Reflect  .    (helmet currently unavailable)
rElec   .          Rampage  .    (cloak currently unavailable)
rCorr   .          NoTele   +    (gloves currently unavailable)
Will    .....                    (boots currently unavailable)
Stlth   +                        (no amulet)
HPRegen 0.27/turn                (no ring)
MPRegen 0.08/turn                (no ring)

@: tree-form, on berserk cooldown, attractive, slowed, very slow
A: stationary, stasis, torment immunity, boosted hp
a: Renounce Religion, Berserk


You were on level 2 of the Dungeon.
You worshipped Trog.
Trog was aware of your devotion.
You were a tree.
You visited 1 branch of the dungeon, and saw 2 of its levels.

You collected 35 gold pieces.

Inventory:

Hand Weapons
 a - a +0 hand axe
 c - a +0 flail (weapon)
Missiles
 j - 6 poisoned darts (quivered)
Armour
 b - a +0 animal skin
 e - a +1 leather armour of fire resistance (melded)
Jewellery
 i - a +6 ring of intelligence
Scrolls
 f - a scroll of blinking {unknown}


   Skills:
 + Level 3.4 Fighting
 + Level 3.5(3.6) Axes
 + Level 0.3(2.2) Maces & Flails
 + Level 2.1 Armour
 + Level 2.1 Dodging


You had 2 spell levels left.
You didn't know any spells.
Your spell library was empty.

Dungeon Overview and Level Annotations

Branches:
Dungeon (1/15)

Altars:


Message History

The adder closely misses you.
The ball python bites you but does no damage.
The ball python constricts you. The frilled lizard barely misses you.
You closely miss the adder.
The adder is moderately wounded.
You feel sick. The adder barely misses you. The ball python barely misses you.
The ball python constricts you. The frilled lizard barely misses you.
You sock the adder!
You kill the adder!
Trog accepts your kill.
You feel sick.
The ball python bites you but does no damage.
The ball python constricts you.
You have reached level 3!
Your experience leads to an increase in your attributes!
Increase (S)trength, (I)ntelligence, or (D)exterity?
You feel stronger. x2
You sock the ball python!
You kill the ball python!
Trog accepts your kill.
You feel sick. The frilled lizard bites you.
You hit the frilled lizard.
You kill the frilled lizard!
Trog accepts your kill.
You feel sick.
You feel a strong urge to attack something.
You feel sick.
You feel your anger nearly subside.
You are no longer berserk.
You are exhausted.
You feel yourself slow down.
You feel sick.
You are no longer poisoned.
It was a potion of flight.
You feel very buoyant.
You fly up into the air.
It was a potion of attraction.
You feel attractive to monsters.
It was a potion of lignification.
You turn into a tree.
Your +1 leather armour of fire resistance melds into your body.
You feel less resistant to fire.
Your roots penetrate the ground.
Are you sure you want to abandon this character and quit the game? (Confirm with "yes".)

#..##.#.#.###......
#.# #.#.#.......... #.
#.#.####....... #.
#.#.# ##...... #.
#.#.# #......
####.###.#.# ##......
#.....##.#.####.......
#.....##.#†.#..(......
#....♣...)....†.......
#........##.#....#####
#......####......#
#......# #.....##
#......# #.#...#
#####.## #.###.# #.#
### #.# ... .# .#


There were no monsters in sight!

Vanquished Creatures
  An adder (D:2)
  3 bats
  A goblin (D:2)
  3 hobgoblins
  3 kobolds
  A quokka (D:1)
  4 ball pythons
  A frilled lizard (D:2)
  A rat (D:1)
18 creatures vanquished.

Notes
Turn   | Place    | Note
-------+----------+-------------------------------------------
     0 | D:1      | sampeng1 the Human Berserker began the quest for the Orb.
     0 | D:1      | Reached XP level 1. HP: 18/18 MP: 1/1
    99 | D:1      | Reached XP level 2. HP: 19/24 MP: 2/2
   167 | D:1      | You fall into a shaft and drop 1 floor!
   284 | D:2      | Reached XP level 3. HP: 14/29 MP: 3/3
   293 | D:2      | Quit the game

Illustrated notes

Levels and vault maps discovered:
D:1:      wheals_arrival_shading, layout_basic
D:2:      layout_rooms

Action                     || total
---------------------------++-------
  Melee: Hand axe          ||    15
         Flail             ||    27
 Invoke: Berserk           ||     1
    Use: Scroll            ||     1
         Potion            ||     3
 Armour: Animal skin       ||     7
         Leather armour    ||     9
  Dodge: Dodged            ||    45

Table legend: (Time is in decaauts)
 A = Elapsed time spent in this place.
 B = Non-inter-level travel time spent in this place.
 C = Inter-level travel time spent in this place.
 D = Time resting spent in this place.
 E = Time spent auto-exploring this place.
 F = Levels seen in this place.
 G = Mean time per level.
                   A        B        C        D        E       F      G
               +--------+--------+--------+--------+--------+-----+--------+
         Total |    300 |    300 |      0 |      0 |     41 |   2 |  150.0 |
       Dungeon |    300 |    300 |      0 |      0 |     41 |   2 |  150.0 |
               +--------+--------+--------+--------+--------+-----+--------+

Top non-repeatable levels by time:
     D:1: 169 daAuts
     D:2: 131 daAuts
